 Dungeon Crawl Stone Soup version 0.30.0-29-ga12c61a403 (webtiles) character file.

Game seed: 4635210726392087453

121 sweetbreads the Trooper (level 4, -3/42 HPs)
             Began as a Minotaur Berserker on June 6, 2023.
             Was a Believer of Trog.
             Slain by an adder (4 damage)
             ... on level 3 of the Dungeon.
             The game lasted 00:06:45 (1658 turns).

sweetbreads the Trooper (Minotaur Berserker)        Turns: 1658, Time: 00:06:46

Health: -3/42      AC:  2    Str: 23    XL:     4   Next: 76%
Magic:  3/3        EV: 12    Int:  4    God:    Trog [**....]
Gold:   115        SH:  0    Dex: 10    Spells: 3/3 levels left

rFire   . . .        k - +0 war axe
rCold   . . .        (no shield)
rNeg    . . .        b - +0 animal skin
rPois   .            (helmet restricted)
rElec   .            (no cloak)
rCorr   .            (no gloves)
SInv    .            (no boots)
Will    .....        (no amulet)
Stlth   +            (no ring)
HPRegen 0.27/turn    (no ring)
MPRegen 0.08/turn

%: no passive effects
@: no status effects
A: horns 2, retaliatory headbutt
a: Renounce Religion, Berserk, Trog's Hand


You were on level 3 of the Dungeon.
You worshipped Trog.
Trog was pleased with you.
You visited 1 branch of the dungeon, and saw 3 of its levels.

You collected 115 gold pieces.

Inventory:

Hand Weapons
 a - a +0 hand axe
 k - a +0 war axe (weapon)
Missiles
 l - a boomerang (quivered)
Armour
 b - a +0 animal skin (worn)
 j - a +0 buckler
Scrolls
 d - a scroll of enchant armour {unknown}
 e - a scroll of fear {unknown}
 f - a scroll of vulnerability {unknown}
 m - a scroll of identify {unknown}
Potions
 c - 2 potions of resistance {unknown}
 g - a potion of degeneration {unknown}
 h - a potion of invisibility {unknown}
 i - a potion of heal wounds {unknown}


   Skills:
 + Level 5.3 Fighting
 + Level 5.1 Axes
 - Level 2.4 Armour
 - Level 2.1 Dodging
 - Level 0.2 Stealth
 * Level 1.4 Shields


You had 3 spell levels left.
You didn't know any spells.
Your spell library was empty.

Dungeon Overview and Level Annotations

Branches:
Dungeon (3/15)

Altars:
Wu Jian

Shops:
D:2 =


Innate Abilities, Weirdness & Mutations

You have a pair of horns on your head.
You reflexively headbutt those who attack you in melee.


Message History

You hit the gnoll. You barely miss the adder. You slash the gnoll!
You kill the gnoll!
Trog accepts your kill. The gnoll hits you with a +0 club. The adder bites you.
Your Axes skill increases to level 5!
You closely miss the adder. You headbutt the adder.
The adder is lightly wounded.
You hit the gnoll. The adder bites you. The gnoll hits you with a +0 club.
The adder bites you but does no damage.
Unknown command.
You barely miss the adder.
The adder is lightly wounded.
You hit the gnoll. The gnoll hits you with a +0 club.
The adder completely misses you.
Unknown command.
You slash the adder! Your headbutt misses the adder.
The adder is severely wounded.
You hit the gnoll. The adder closely misses you.
The gnoll hits you with a +0 club!
* * * LOW HITPOINT WARNING * * *
The adder barely misses you. You furiously retaliate!
You headbutt the adder, but do no damage.
The gnoll hits you with a +0 club.
* * * LOW HITPOINT WARNING * * *
Unknown command.
Unknown command.
You closely miss the adder. Your headbutt misses the adder.
The adder is severely wounded.
You slash the gnoll!
You kill the gnoll!
Trog accepts your kill.
You barely miss the endoplasm. The adder completely misses you.
The endoplasm hits you.
* * * LOW HITPOINT WARNING * * *
Unknown command.
Unknown command.
You closely miss the adder.
The adder is severely wounded.
You hit the endoplasm. The adder bites you.
You die...

#######
#.....#
..#.!...#
......))#
#...J@#
#...S)#
#.....#
#.....#
#######


You could see an adder and an endoplasm.

Vanquished Creatures
  An orc priest (D:2)
  3 gnolls (D:3)
  A worm (D:2)
  A dart slug (D:1)
  3 orcs
  4 endoplasms
  4 giant cockroaches (D:1)
  7 goblins
  3 jackals (D:1)
  4 kobolds (D:1)
  2 quokkas (D:1)
  3 ball pythons
  3 bats
  5 frilled lizards
  9 rats
53 creatures vanquished.

Notes
Turn   | Place    | Note
-------+----------+-------------------------------------------
     0 | D:1      | sweetbreads the Minotaur Berserker began the quest for the
                  | Orb.
     0 | D:1      | Reached XP level 1. HP: 19/19 MP: 0/0
   309 | D:1      | Reached XP level 2. HP: 23/27 MP: 1/1
   502 | D:1      | Reached ** piety under Trog
   553 | D:1      | Reached XP level 3. HP: 34/34 MP: 2/2
   889 | D:2      | Found an ornate altar of the Wu Jian Council.
  1160 | D:2      | Reached skill level 5 in Fighting
  1160 | D:2      | Reached XP level 4. HP: 28/42 MP: 3/3
  1226 | D:2      | Reached skill level 1 in Shields
  1304 | D:3      | Found a faded altar of an unknown god.
  1304 | D:3      | Noticed a balrug
  1386 | D:2      | Found Uskeid's One-of-a-Kind Rings.
  1654 | D:3      | Reached skill level 5 in Axes
  1656 | D:3      | HP: 2/42 [gnoll/+0 club (5)]
  1658 | D:3      | Slain by an adder

Illustrated notes

Levels and vault maps discovered:
D:1:      dpeg_arrival_prison, layout_basic
D:2:      layout_basic, basic_altar, nicolae_shop_unique_rings
D:3:      layout_rooms, minitemple, dreamdust_ecumenical_altar_sealed_demon,
          minmay_misc_feat_encased, minmay_snake_closets

Skill      XL: |  1  2  3  4 |
---------------+-------------+-----
Fighting       | 4 5 |  5.3
Axes           | 4 5 |  5.1
Shields        | 1 |  1.4
Armour         | |  2.4
Dodging        | |  2.1
Stealth        | |  0.2

Action                     |  1- 3 |  4- 6 || total
---------------------------+-------+-------++-------
  Melee: Hand axe          |    85 |       ||    85
         Headbutt          |    13 |     1 ||    14
         Punch             |     1 |       ||     1
         War axe           |       |    14 ||    14
  Throw: Boomerang         |       |    21 ||    21
   Stab: Sleeping          |     1 |       ||     1
 Armour: Animal skin       |    12 |     3 ||    15
  Dodge: Dodged            |    34 |    11 ||    45
